 Dungeon Crawl Stone Soup version 0.17.0-15-g6d90897 (webtiles) character file.

279 HungrySpirit the Ruffian (level 6, -1/47 HPs)
             Began as a Draconian Transmuter on Nov 10, 2015.
             Slain by an iguana (11 damage)
             ... on level 4 of the Dungeon.
             The game lasted 00:07:08 (4345 turns).

HungrySpirit the Ruffian (Draconian Transmuter)     Turns: 4345, Time: 00:07:08

Health: -1/47      AC:  2    Str: 12    XL:     6   Next: 5%
Magic:  7/10       EV: 19    Int: 16    God:
Gold:   164        SH:  0    Dex: 16    Spells: 3 memorised, 5 levels left

rFire  . . .     SeeInvis .       - Unarmed
rCold  . . .     Clarity  .     (armour unavailable)
rNeg   . . .     SustAt   .     (shield currently unavailable)
rPois  x         Gourm    .     (helmet currently unavailable)
rElec  .         Spirit   .     (cloak currently unavailable)
rCorr  .         Warding  .     (gloves currently unavailable)
rMut   .         Stasis   .     (boots currently unavailable)
MR     .....                    (no amulet)
Stlth  +.........               (no ring)
                                g - ring of wizardry

@: lethally poisoned (-1 -> -1), spider-form (expiring), not resistant to
hostile enchantments, very unstealthy
A: unfitting armour, (cold-blooded), AC +6
a: End Transformation


You were on level 4 of the Dungeon.
You were not hungry.
You were a venomous arachnid creature.
You visited 1 branch of the dungeon, and saw 4 of its levels.

You collected 164 gold pieces.

Inventory:

Missiles
 a - 9 arrows
 r - 17 poisoned needles
Armour
 f - a +0 pair of gloves (melded)
Jewellery
 d - an uncursed ring of magical power
 g - a ring of wizardry (left front leg)
 m - an uncursed amulet of warding {unknown}
Scrolls
 e - a scroll of enchant weapon {unknown}
 h - 5 scrolls of identify {unknown}
 i - 2 scrolls of remove curse
 j - a scroll of enchant armour {unknown}
 k - 2 scrolls of magic mapping {unknown}
 q - a scroll of teleportation {unknown}
 v - a scroll of recharging {unknown}
 w - a scroll of immolation {unknown}
Potions
 l - 4 potions of curing {unknown}
 s - a potion of flight {unknown}
 t - 2 potions of degeneration {unknown}
 u - a potion of haste {unknown}
Books
 b - a book of Changes

   Spells                             Type                      Level
   a - Beastly Appendage              Transmutation                1
   b - Sticks to Snakes               Transmutation                2
   c - Spider Form                    Transmutation/Poison         3
   d - Ice Form                       Ice/Transmutation            4
   e - Blade Hands                    Transmutation                5
Comestibles
 c - 5 bread rations
 n - 2 meat rations
 o - a beef jerky
 p - 2 chunks of flesh


   Skills:
 - Level 1.1 Fighting
 - Level 1.7 Dodging
 * Level 5.0 Unarmed Combat
 + Level 3.1 Spellcasting
 * Level 4.1 Transmutations


You had 5 spell levels left.
You knew the following spells:

 Your Spells              Type           Power        Failure   Level  Hunger
a - Beastly Appendage     Trmt           ###...       6%          1    None
b - Sticks to Snakes      Trmt           ###.......   9%          2    ##.....
c - Spider Form           Trmt/Pois      #.........   22%         3    ###....


Dungeon Overview and Level Annotations

Branches:
Dungeon (4/15)
 Temple: D:4-7

Altars:
Okawaru
Sif Muna


Innate Abilities, Weirdness & Mutations

((Your plain brown scales are hard (AC +6).))
Your body does not fit into most forms of armour.
((You are cold-blooded and may be slowed by cold attacks.))


Message History

The iguana is lightly wounded.
You feel sick.
You hit the iguana but do no damage.
The iguana is lightly wounded.
The iguana misses you.
You hit the iguana but do no damage.
The iguana is poisoned.
The iguana is lightly wounded.
Your transformation is almost over.
The iguana misses you.
You hit the iguana.
The iguana looks even sicker.
The iguana is lightly wounded.
The iguana bites you!
You hit the iguana but do no damage.
The iguana is heavily wounded.
The iguana bites you.
* * * LOW HITPOINT WARNING * * *
You hit the iguana but do no damage.
The iguana is severely wounded.
You feel sick. The iguana bites you!
You die...

...... ......######
##. ........... ..
.......... .. .......
.
#.†.##################
#...#.................
#...l................⌠
#...#s..##+########...
#...#...#..........⌠..
#...#...#.............
#(..#...#............⌠
#...#...#.............
#...#...#.............
#...#...#.............
#...#.............
#...#.............


You could see an iguana.

Vanquished Creatures
  Ijyb (D:2)
  9 adders
  An ooze (D:3)
  3 giant geckos
  5 orcs (D:3)
  9 bats
  5 giant cockroaches
  11 goblins
  18 hobgoblins
  5 jackals
  7 kobolds
  2 quokkas (D:3)
  2 ball pythons
  3 giant newts
  5 rats
86 creatures vanquished.

Vanquished Creatures (collateral kills)
  A giant frog (D:3)
  An orc wizard (D:3)
  A worm (D:3)
3 creatures vanquished.

Grand Total: 89 creatures vanquished

Notes
Turn   | Place    | Note
--------------------------------------------------------------
     0 | D:1      | HungrySpirit the Draconian Transmuter began the quest for the Orb.
     0 | D:1      | Reached XP level 1. HP: 16/16 MP: 3/3
   226 | D:1      | Reached XP level 2. HP: 18/23 MP: 5/5
   245 | D:1      | Learned a level 2 spell: Sticks to Snakes
  1040 | D:1      | Reached XP level 3. HP: 28/28 MP: 6/6
  1186 | D:2      | Learned a level 3 spell: Spider Form
  2179 | D:2      | Found an iron altar of Okawaru.
  2511 | D:2      | Reached XP level 4. HP: 32/35 MP: 5/7
  2540 | D:2      | Reached skill level 4 in Unarmed Combat
  2757 | D:2      | Noticed Ijyb
  2774 | D:2      | Killed Ijyb
  2784 | D:2      | Found a deep blue altar of Sif Muna.
  3334 | D:3      | Reached XP level 5. HP: 40/40 MP: 6/9
  3817 | D:3      | Noticed a giant frog
  3934 | D:3      | Killed a giant frog
  4122 | D:4      | Reached skill level 5 in Unarmed Combat
  4122 | D:4      | Reached XP level 6. HP: 36/47 MP: 10/10
  4345 | D:4      | Slain by an iguana

Action                   |  1- 3 |  4- 6 || total
-------------------------+-------+-------++-------
Melee: Unarmed           |   148 |   219 ||   367
       Short sword       |    53 |       ||    53
 Cast: Beastly Appendage |    19 |    29 ||    48
       Sticks to Snakes  |       |     3 ||     3
       Spider Form       |       |     1 ||     1
  Use: Scroll            |     1 |       ||     1
       Potion            |     2 |       ||     2
  Eat: Chunk             |     6 |     6 ||    12
